 Dungeon Crawl Stone Soup version 0.28-a0-1447-ga5a8893891 (webtiles) character file.

Game seed: 8835212305145679697

141894 knot the Deadly Accurate (level 16, 0/196 HPs)
             Began as a Demonspawn Berserker on Jan 12, 2022.
             Was a High Priest of Trog.
             Constricted to death by Jorgrun (17 damage)
             ... on level 1 of the Spider Nest.
             The game lasted 01:24:47 (29566 turns).

knot the Deadly Accurate (Demonspawn Berserker)    Turns: 29566, Time: 01:24:49

Health: 0/196      AC: 13    Str: 22    XL:     16   Next: 79%
Magic:  25/25      EV: 13    Int: 21    God:    Trog [*****.]
Gold:   898        SH:  0    Dex: 16    Spells: 15/15 levels left

rFire   . . .      SeeInvis +   d - +5 executioner's axe of the Abyss {vorpal, rElec rPois MP+9 Dex+4}
rCold   + . .      Faith    .   (shield currently unavailable)
rNeg    . . .      Spirit   .   y - +4 acid dragon scales of the Tanner {rCorr Str+3 SInv Stlth+}
rPois   +          Reflect  .   P - +2 hat
rElec   +          Harm     .   (cloak unavailable)
rCorr   +          Rampage  .   D - +0 pair of gloves "Etitaqibos" {Will+}
Will    +++..                   (no boots)
Stlth   ..........              t - amulet of the acrobat
HPRegen 6.42/turn               b - +4 ring of slaying
MPRegen 0.38/turn               R - ring "Qinomere" {EV+4 Int+5}

@: berserking, grasped by roots, corroded, constricted, very quick
A: icy blue scales 3, powered by death 2, magic regeneration, demonic willpower,
weakness stinger 3
a: Renounce Religion, Berserk, Trog's Hand, Brothers in Arms


You were on level 1 of the Spider Nest.
You worshipped Trog.
Trog was extremely pleased with you.
You visited 5 branches of the dungeon, and saw 25 of its levels.
You also visited: Gauntlet and Ice Cave.

You collected 3178 gold pieces.
You spent 2280 gold pieces at shops.

Inventory:

Hand Weapons
 d - the +5 executioner's axe of the Abyss (weapon) {vorpal, rElec rPois MP+9 Dex+4}
   (You acquired it on level 8 of the Dungeon)

   It inflicts extra damage upon your enemies.
   Dex:       It affects your dexterity (+4).
   rElec:     It insulates you from electricity.
   rPois:     It protects you from poison.
   MP:        It affects your magic capacity (+9).
 H - the +10 demon trident "Muclotee" {vamp, rPois Stlth+}
   (You found it on level 7 of the Dungeon)

   It occasionally heals its wielder for a portion of the damage dealt when it
   wounds a living foe.
   rPois:     It protects you from poison.
   Stlth:     It makes you more stealthy.
 Q - a +2 executioner's axe of venom
Missiles
 a - 5 datura-tipped darts
 h - 7 silver javelins
 p - 14 boomerangs
 r - 95 poisoned darts (quivered)
 G - 6 javelins
 K - 9 curare-tipped darts
Armour
 u - the +2 scale mail of the Shore {rF+ rC++ MP+9}
   (You found it on level 14 of the Dungeon)

   rF:        It protects you from fire.
   rC:        It greatly protects you from cold.
   MP:        It affects your magic capacity (+9).
 y - the +4 acid dragon scales of the Tanner (worn) {rCorr Str+3 SInv Stlth+}
   (You bought it in a shop on level 2 of the Orcish Mines)

   Str:       It affects your strength (+3).
   SInv:      It lets you see invisible.
   rCorr:     It protects you from acid and corrosion.
   Stlth:     It makes you more stealthy.
 D - the +0 pair of gloves "Etitaqibos" (worn) {Will+}
   (You found it in a Gauntlet)

   Will:      It increases your willpower.
 P - a +2 hat (worn)
Jewellery
 b - a +4 ring of slaying (left hand)
 f - a +4 ring of evasion
 i - an amulet of regeneration
 l - the amulet "Ligoffoy" {RegenMP +Blink rF+ rC-}
   (You found it in an ice cave)

   [amulet of magic regeneration]

   It increases your rate of magic regeneration.
   rF:        It protects you from fire.
   rC:        It makes you vulnerable to cold.
   +Blink:    It lets you blink.
 t - an amulet of the acrobat (around neck)
 R - the ring "Qinomere" (right hand) {EV+4 Int+5}
   (You bought it in a shop on level 2 of the Orcish Mines)

   [ring of evasion]

   EV:        It affects your evasion (+4).
   Int:       It affects your intelligence (+5).
 V - the ring of Fanaticism {Ice Will+}
   (You found it in an ice cave)

   [ring of ice]

   It enhances your ice magic.
   rF:        It makes you vulnerable to fire.
   rC:        It protects you from cold.
   Will:      It increases your willpower.
 Y - the ring "Vyfojiq" {rPois rC+}
   (You found it in an ice cave)

   [ring of protection from cold]

   rC:        It protects you from cold.
   rPois:     It protects you from poison.
Wands
 L - a wand of acid (26)
Scrolls
 c - 2 scrolls of brand weapon
 e - 5 scrolls of immolation
 j - 14 scrolls of identify
 n - 8 scrolls of teleportation
 N - 6 scrolls of amnesia
 S - 3 scrolls of blinking
Potions
 g - 2 potions of cancellation
 m - a potion of haste
 s - 3 potions of attraction
 v - 5 potions of curing
 x - 4 potions of mutation
 z - 3 potions of heal wounds
 E - 5 potions of flight
 F - 3 potions of brilliance
 I - 5 potions of lignification
 U - a potion of ambrosia
 W - 3 potions of might
Miscellaneous
 O - a tin of tremorstones (2/2)
 Z - a tin of tremorstones (2/2)


   Skills:
 - Level 13.5 Fighting
 * Level 18.4 Axes
 * Level 19.0 Throwing
 + Level 13.4 Armour
 - Level 1.7 Dodging


You had 15 spell levels left.
You didn't know any spells.
Your spell library contained the following spells:

 Spells                   Type           Power      Damage    Failure   Level
 Animate Skeleton         Necr           0%         N/A       22%         1
 Apportation              Tloc           0%         N/A       22%         1
 Sting                    Tmut/Pois      0%         1d3       22%         1
 Summon Small Mammal      Summ           0%         N/A       22%         1
 Blink                    Tloc           0%         N/A       32%         2
 Poisonous Vapours        Pois/Air       0%         N/A       32%         2
 Static Discharge         Conj/Air       0%         N/A       32%         2
 Call Canine Familiar     Summ           0%         N/A       54%         3
 Dazzling Flash           Conj/Hex       0%         N/A       54%         3
 Frozen Ramparts          Ice            0%         1d2       54%         3
 Ignite Poison            Fire/Tmut/Pois 0%         N/A       54%         3
 Mephitic Cloud           Conj/Pois/Air  0%         N/A       54%         3
 Summon Guardian Golem    Hex/Summ       0%         N/A       54%         3
 Fulminant Prism          Conj/Hex       0%         3d6       91%         4
 Ice Form                 Ice/Tmut       0%         N/A       91%         4
 Iskenderun's Mystic Bla  Conj/Tloc      0%         2d3       91%         4
 Leda's Liquefaction      Hex/Erth       0%         N/A       91%         4
 Olgreb's Toxic Radiance  Pois           0%         N/A       91%         4
 Petrify                  Tmut/Erth      0%         N/A       91%         4
 Summon Ice Beast         Ice/Summ       0%         N/A       91%         4
 Agony                    Necr           0%         N/A       99%         5
 Lee's Rapid Deconstruct  Erth           0%         3d5*      99%         5
 Lightning Bolt           Conj/Air       0%         1d11      99%         5
 Silence                  Hex/Air        0%         N/A       99%         5
 Lehudib's Crystal Spear  Conj/Erth      0%         10d2      100%        8
 Maxwell's Capacitive Co  Air            0%         ∞         100%        8


Dungeon Overview and Level Annotations

Branches:
Dungeon (15/15)            Temple (1/1) D:7            Lair (6/6) D:9
 Shoals (0/4) Lair:2       Spider (1/4) Lair:2        Slime (0/5) Lair:5
    Orc (2/2) D:9             Elf (0/3) Orc:2        Vaults (0/5) D:13
 Depths (0/4) D:15          IceCv (visited)         Gauntlet (visited)

Altars:
Ashenzari
Cheibriados
Dithmenos
Elyvilon
Fedhas
Gozag
Hepliaklqana
Kikubaaqudgha
Makhleb
Nemelex Xobeh
Okawaru
Qazlal
Ru
Sif Muna
Trog
Uskayaw
Vehumet
Wu Jian
Xom
Yredelemnul
Zin
The Shining One
Beogh

Shops:
Orc:1 **   Orc:2 =*[(=

Portals:
Hell: Lair:6

Annotations:
Spider:1 Jorgrun


Innate Abilities, Weirdness & Mutations

You are completely covered in icy blue scales. (AC +4, rC+)
You regenerate health from kills.
You regenerate magic rapidly.
You punish those that try to bend your will. (Will+)
You have a sharp stinger which inflicts weakening toxins.


Message History

The broodmother bites you!
* * * LOW HITPOINT WARNING * * *
The wolf spider hits you but does no damage.
The wolf spider bites you.
* * * LOW HITPOINT WARNING * * *
Jorgrun points next to the entropy weaver and mumbles some strange words.
Some rock shatters into small pieces.
The grasping roots constrict you!
* * * LOW HITPOINT WARNING * * *
You slice the broodmother!!
You feel the power of Trog in you as your rage grows.
You kill the broodmother!
Trog accepts your kill.
The culicivora disappears in a puff of smoke!
The wolf spider disappears in a puff of smoke!
The culicivora disappears in a puff of smoke!
The jumping spider disappears in a puff of smoke!
The redback disappears in a puff of smoke!
You slice the wolf spider!!
You kill the wolf spider!
Trog accepts your kill.
You slash the redback!
You kill the redback!
Trog accepts your kill.
The entropy weaver gestures at you while chanting.
The entropic weave corrodes you!
You slice the culicivora!!
The culicivora is severely wounded.
You closely miss the wolf spider. The culicivora closely misses you.
The grasping roots constrict you.
* * * LOW HITPOINT WARNING * * *
The wolf spider hits you!
* * * LOW HITPOINT WARNING * * *
The wolf spider barely misses you.
You slice the culicivora!!
You kill the culicivora!
Trog accepts your kill.
You slash the wolf spider! The wolf spider closely misses you.
The wolf spider bites you but does no damage.
The grasping roots constrict you!
You die...

# ..# #... #..
#.# #...# #.
##.##...^#
#..#........#
#^..(.......#
##.#.(......#
##.#.g§§.....#
#...†Bs.§.§...
#.##@s§.§§..#
###.^###...#.#
...^## ####..
#.#.### #.#
##..### ##.#
##....###.#
#.........## .
###........##....
#.....#........


You could see Jorgrun, an entropy weaver and 2 wolf spiders.

Vanquished Creatures
  Gastronok (D:8)
  2 broodmothers (Spider:1)
  6 quicksilver oozes (IceCv)
  A dire elephant (D:15)
  A fire dragon (D:15)
  A great orb of eyes (D:15)
  7 vault guards (D:13)
  14 hydras
  An ogre mage (D:12)
  3 boulder beetles
  13 two-headed ogres
  Erica (D:8)
  7 centaur warriors
  3 death knights
  5 death yaks (Lair:6)
  An orc high priest (Orc:2)
  3 tengu warriors (D:13)
  Sonja (Lair:3)
  2 large abominations (Gauntlet)
  An orange crystal statue (IceCv)
  2 wizards
  A necromancer (Lair:2)
  A lindwurm (Lair:6)
  An obsidian statue (Gauntlet)
  The ghost of Shayle the Grasshopper, a novice GnWr (D:7)
  Pikel (D:4)
  3 deep elf pyromancers
  4 oklob plants (Lair:5)
  2 orc sorcerers (Orc:2)
  14 ugly things (D:14)
  A wolf spider (Spider:1)
  4 cyclopes
  2 manticores
  33 elephants
  5 black mambas
  Maurice (D:8)
  An ice statue (D:8)
  17 cane toads
  An unseen horror (D:11)
  2 rime drakes
  4 freezing wraiths
  A komodo dragon (shapeshifter) (D:11)
  9 komodo dragons
  A very ugly thing simulacrum (IceCv)
  A yaktaur (D:15)
  3 kobold demonologists (D:12)
  A hellwing (Lair:6)
  5 entropy weaver simulacra (IceCv)
  6 trolls
  10 ice devils
  A queen bee (D:7)
  A merfolk (D:15)
  2 tengu conjurers (D:15)
  3 meliai (D:13)
  4 polar bears
  A meliai (shapeshifter) (D:14)
  13 slime creatures (IceCv)
  A tarantella (Spider:1)
  17 blink frogs
  A shadow (D:13)
  5 wraiths
  A culicivora (Spider:1)
  3 jumping spiders
  67 yaks
  A basilisk (shapeshifter) (D:15)
  A yak (shapeshifter) (D:11)
  6 wyverns
  3 basilisks
  Grum (D:8)
  3 steam dragons
  3 vampire mosquitoes (D:11)
  7 redbacks
  2 wargs (Orc:1)
  A swamp worm (Gauntlet)
  3 small abominations (Gauntlet)
  An acid dragon (D:12)
  3 demonic crawler simulacra (IceCv)
  18 water moccasins
  3 hell hounds (Lair:6)
  26 orc warriors
  A sky beast (D:7)
  A black bear (D:6)
  An ice beast (D:6)
  A necrophage (D:8)
  3 ugly thing simulacra (IceCv)
  17 wolves
  9 ogres
  23 centaurs
  A phantom (D:6)
  A lemure (D:4)
  5 kobold brigands
  8 bullfrogs
  A scorpion (D:7)
  3 gnoll sergeants
  6 killer bees (D:7)
  A howler monkey (D:7)
  5 wights (D:9)
  3 electric eels
  A vampire bat (D:6)
  A bullfrog zombie (D:6)
  6 centaur zombies
  6 hounds
  A jelly (D:6)
  A bullfrog skeleton (D:7)
  14 orc priests
  2 gnoll shamans
  Ijyb (D:4)
  4 iguanas
  35 orc wizards
  13 hell rats
  2 polar bear simulacra (Lair:2)
  A yak simulacrum (Lair:2)
  2 wolf simulacra (Lair:2)
  3 killer bee zombies
  A hound zombie (D:5)
  18 gnolls
  2 howler monkey skeletons (D:7)
  6 adders
  14 river rats (Lair:1)
  A white imp (D:7)
  8 ufetubi
  An adder zombie (D:5)
  2 worms
  4 dart slugs
  92 orcs
  9 endoplasms
  3 giant cockroaches (D:1)
  9 goblins
  6 hobgoblins
  3 jackals (D:1)
  19 kobolds
  8 quokkas
  4 ball pythons
  12 bats
  2 frilled lizards
  14 rats
  6 river rat simulacra (Lair:2)
  A butterfly (Lair:2)
842 creatures vanquished.

Vanquished Creatures (collateral kills)
  A rockslime (IceCv)
  The ghost of Pocvaraige the Brawler, a journeyman TrMo of Gozag (D:14)
  2 azure jellies (IceCv)
  An orc warlord (Orc:2)
  A minotaur (Gauntlet)
  A dire elephant (Lair:6)
  Harold (D:8)
  A vault guard (D:13)
  Urug (Orc:2)
  A sixfirhy (Lair:6)
  An orange crystal statue (IceCv)
  2 orc knights (Orc:2)
  3 slime creatures (IceCv)
  An orc sorcerer (Orc:2)
  A komodo dragon (Lair:6)
  A rime drake (Lair:6)
  3 ice devils
  A tyrant leech (Gauntlet)
  A blink frog (Lair:6)
  A steam dragon (D:8)
  3 swamp worms (Gauntlet)
  A hell hound (Lair:6)
  7 orc warriors (Orc:2)
  4 orc priests
  2 orc wizards
  4 orcs
47 creatures vanquished.

Vanquished Creatures (others)
  An orc warrior (Orc:2)
  An orc wizard (Orc:2)
  59 fungi
  89 plants
150 creatures vanquished.

Grand Total: 1039 creatures vanquished

Notes
Turn   | Place    | Note
-------+----------+-------------------------------------------
     0 | D:1      | knot the Demonspawn Berserker began the quest for the Orb.
     0 | D:1      | Reached XP level 1. HP: 18/18 MP: 1/1
   252 | D:1      | Gained mutation: You have a small tail. [demonic ancestry]
   252 | D:1      | Reached XP level 2. HP: 24/24 MP: 2/2
  1205 | D:2      | Reached XP level 3. HP: 29/29 MP: 3/3
  2130 | D:2      | Gained mutation: You regenerate magic rapidly. [demonic
                  | ancestry]
  2130 | D:2      | Reached XP level 4. HP: 29/35 MP: 4/4
  2472 | D:3      | Reached ** piety under Trog
  2557 | D:3      | Reached skill level 5 in Axes
  2628 | D:3      | Gained mutation: You are partially covered in icy blue
                  | scales. (AC +2) [demonic ancestry]
  2628 | D:3      | Reached XP level 5. HP: 32/41 MP: 5/5
  2734 | D:3      | Found a burning altar of Makhleb.
  2734 | D:3      | Noticed a blizzard demon
  2737 | D:3      | Noticed a smoke demon
  2737 | D:3      | Noticed a smoke demon
  2921 | D:4      | Gained mutation: You have a tail ending in a sharp stinger.
                  | [demonic ancestry]
  2921 | D:4      | Reached XP level 6. HP: 37/47 MP: 6/6
  3139 | D:4      | Noticed a water moccasin
  3181 | D:4      | Reached skill level 1 in Throwing
  3545 | D:4      | Noticed Ijyb
  3552 | D:4      | Paralysed by Ijyb for 6 turns
  3559 | D:4      | Killed Ijyb
  3921 | D:4      | Killed a water moccasin
  3922 | D:4      | Reached skill level 2 in Throwing
  4152 | D:4      | Gained mutation: You regenerate a little health from kills.
                  | [demonic ancestry]
  4152 | D:4      | Reached XP level 7. HP: 52/52 MP: 7/7
  4204 | D:4      | Noticed Pikel
  4232 | D:4      | Killed Pikel
  4233 | D:4      | Reached skill level 4 in Throwing
  4532 | D:5      | Entered Level 5 of the Dungeon
  4609 | D:5      | Noticed a two-headed ogre
  4623 | D:5      | Killed a two-headed ogre
  4624 | D:5      | Reached skill level 5 in Throwing
  4624 | D:5      | Gained mutation: You are mostly covered in icy blue scales.
                  | (AC +3) [demonic ancestry]
  4624 | D:5      | Reached XP level 8. HP: 47/58 MP: 8/8
  4915 | D:5      | Reached skill level 6 in Throwing
  5547 | D:6      | Reached XP level 9. HP: 63/63 MP: 9/9
  5622 | D:6      | Reached *** piety under Trog
  5658 | D:6      | Noticed a two-headed ogre
  5673 | D:6      | Killed a two-headed ogre
  5674 | D:6      | Reached skill level 7 in Throwing
  6131 | D:6      | Found an iron altar of Okawaru.
  6179 | D:6      | Found a bloodstained altar of Trog.
  6292 | D:6      | Reached skill level 10 in Axes
  6809 | D:7      | Found a transporter.
  6831 | D:7      | Found a transporter.
  6833 | D:7      | Noticed Shayle's ghost (novice GnWr)
  6850 | D:7      | Noticed a queen bee
  7019 | D:7      | Reached skill level 8 in Throwing
  7048 | D:7      | Found a runed translucent door.
  7099 | D:7      | Found a staircase to the Ecumenical Temple.
  7118 | D:7      | Identified the +5 rapier "Durghaiq" {venom, Str+4 SInv}
  7453 | D:7      | Noticed a komodo dragon
  7474 | D:7      | Killed a komodo dragon
  7475 | D:7      | Gained mutation: You regenerate health from kills. [demonic
                  | ancestry]
  7475 | D:7      | Reached XP level 10. HP: 70/70 MP: 10/10
  7546 | D:7      | Identified the +10 demon trident "Muclotee" {vamp, rPois
                  | Stlth+}
  7889 | D:7      | Reached skill level 9 in Throwing
  7907 | D:7      | Reached **** piety under Trog
  8032 | Temple   | Entered the Ecumenical Temple
  8610 | D:8      | Noticed Maurice
  8617 | D:8      | Killed Maurice
  8835 | D:8      | Noticed Harold
  8853 | D:8      | Noticed Gastronok
  8857 | D:8      | Killed Harold
  8858 | D:8      | Reached skill level 10 in Throwing
  8874 | D:8      | Killed Gastronok
  8875 | D:8      | Reached XP level 11. HP: 68/75 MP: 11/11
  9094 | D:8      | Reached skill level 11 in Throwing
  9190 | D:8      | Identified 5 scrolls of acquirement
  9190 | D:8      | Acquired a manual of Armour
  9202 | D:8      | Acquired a manual of Fighting
  9204 | D:8      | Acquired a manual of Throwing
  9206 | D:8      | Acquired 717 gold pieces
  9208 | D:8      | Acquired the +5 executioner's axe of the Abyss {vorpal,
                  | rElec rPois MP+9 Dex+4}
  9290 | D:8      | Noticed Erica
  9297 | D:8      | Killed Erica
  9371 | D:8      | Noticed Grum
  9400 | D:8      | Killed Grum
  9729 | D:9      | Found a staircase to the Orcish Mines.
  9755 | D:9      | Reached ***** piety under Trog
  9886 | D:9      | Reached skill level 5 in Fighting
 10220 | D:9      | Noticed a two-headed ogre
 10226 | D:9      | Killed a two-headed ogre
 10372 | D:9      | Found a broken altar of Ashenzari.
 10438 | D:9      | Found a staircase to the Lair.
 10513 | D:9      | Noticed a two-headed ogre
 10519 | D:9      | HP: 3/120 [two-headed ogre (7)]
 10520 | D:9      | Killed a two-headed ogre
 10752 | Lair:1   | Entered Level 1 of the Lair of Beasts
 10879 | Lair:1   | Reached skill level 12 in Throwing
 10956 | Lair:1   | Gained mutation: You punish those that try to bend your
                  | will. (Will+) [demonic ancestry]
 10956 | Lair:1   | Reached XP level 12. HP: 72/89 MP: 12/12
 10960 | Lair:1   | Found a gate leading to a gauntlet.
 10969 | Gauntlet | Entered a Gauntlet
 10969 | Gauntlet | Found a transporter.
 10969 | Gauntlet | Found a transporter.
 10969 | Gauntlet | Found a transporter.
 10973 | Gauntlet | Found a transporter.
 10983 | Gauntlet | Found a transporter.
 10987 | Gauntlet | Found a transporter.
 10997 | Gauntlet | Found a transporter.
 11083 | Gauntlet | Found a transporter.
 11087 | Gauntlet | Found a transporter.
 11104 | Gauntlet | Found a transporter.
 11106 | Gauntlet | Found a transporter.
 11114 | Gauntlet | Found a transporter.
 11444 | Gauntlet | Reached skill level 5 in Armour
 11445 | Gauntlet | Identified the +0 pair of gloves "Etitaqibos" {Will+}
 11559 | Gauntlet | Noticed a minotaur
 11564 | Gauntlet | Killed a minotaur
 11688 | Gauntlet | Identified the +1 ring mail of the Blind Marksman {rN+++
                  | Will- Regen+ Dex-2}
 11689 | Gauntlet | Got Gesed's Almanac of the Vitriolic Rocks
 11789 | Lair:1   | Reached skill level 13 in Throwing
 12665 | D:7      | Killed Shayle's ghost
 12815 | Lair:2   | Noticed a four-headed hydra
 13204 | Lair:2   | Reached skill level 10 in Fighting
 13223 | Lair:2   | Killed a four-headed hydra
 13259 | Lair:2   | Reached skill level 14 in Throwing
 13261 | Lair:2   | Found a staircase to the Shoals.
 13262 | Lair:2   | Found a hole to the Spider Nest.
 13283 | Lair:2   | Received a gift from Trog
 13336 | Lair:2   | Gained mutation: You have a sharp stinger which inflicts
                  | weakening toxins. [demonic ancestry]
 13336 | Lair:2   | Reached XP level 13. HP: 104/104 MP: 13/13
 13754 | Lair:2   | Identified the +1 ring mail of Uskayaw's Delight {rPois
                  | Dex+4 Stlth+}
 13762 | Lair:2   | You fall into a shaft and drop 2 floors!
 13942 | Lair:3   | Noticed Sonja
 13947 | Lair:3   | Killed Sonja
 15633 | Lair:4   | Reached skill level 15 in Throwing
 16532 | Lair:5   | Received a gift from Trog
 16796 | Lair:5   | Found a staircase to the Slime Pits.
 16999 | Lair:5   | Reached skill level 15 in Axes
 16999 | Lair:5   | Gained mutation: You are completely covered in icy blue
                  | scales. (AC +4, rC+) [demonic ancestry]
 16999 | Lair:5   | Reached XP level 14. HP: 78/118 MP: 14/14
 18011 | Lair:6   | Entered Level 6 of the Lair of Beasts
 18055 | Lair:6   | Reached skill level 16 in Throwing
 18471 | Lair:6   | Found a burning altar of Makhleb.
 18726 | Lair:6   | Identified the +2 chain mail of a bazaar {Regen+ rCorr
                  | Int+3}
 18735 | Lair:6   | Reached skill level 10 in Armour
 19034 | Lair:6   | Identified the ring of Ybro {rN+ Int+5}
 19550 | Lair:6   | Found a gateway to Hell.
 20134 | Orc:1    | Entered Level 1 of the Orcish Mines
 20247 | Orc:1    | Found Etau's General Store.
 20422 | Orc:1    | Found Hacuromamn's Overcharged Wands.
 20462 | Orc:2    | Entered Level 2 of the Orcish Mines
 20576 | Orc:2    | Reached XP level 15. HP: 118/124 MP: 15/15
 20586 | Orc:2    | Noticed an orc warlord
 20587 | Orc:2    | Found a staircase to the Elven Halls.
 20600 | Orc:2    | Killed an orc warlord
 20607 | Orc:2    | Reached skill level 17 in Throwing
 20612 | Orc:2    | Noticed Urug
 20618 | Orc:2    | Killed Urug
 20661 | Orc:2    | Received a gift from Trog
 20805 | Orc:2    | Found Keyj's Antique Armour Shoppe.
 20816 | Orc:2    | Found Qorchees's General Store.
 20876 | Orc:2    | Found Kasuedgh's Jewellery Boutique.
 20886 | Orc:2    | Bought the ring "Qinomere" {EV+4 Int+5} for 642 gold pieces
 21003 | Orc:2    | Found Cakirodd's Jewellery Shoppe.
 21017 | Orc:2    | Found Yskumm's Antique Weapon Shoppe.
 21280 | Orc:2    | Bought a heavily runed scale mail for 234 gold pieces
 21280 | Orc:2    | Identified the +6 scale mail of Indomitability {Slay+3}
                  | (You bought it in a shop on level 2 of the Orcish Mines)
 21280 | Orc:2    | Bought a bloodstained scale mail for 234 gold pieces
 21280 | Orc:2    | Identified the +1 scale mail of Iguec {Fly} (You bought it
                  | in a shop on level 2 of the Orcish Mines)
 21294 | Orc:2    | Bought slimy acid dragon scales for 1170 gold pieces
 21294 | Orc:2    | Identified the +4 acid dragon scales of the Tanner {rCorr
                  | Str+3 SInv Stlth+} (You bought it in a shop on level 2 of
                  | the Orcish Mines)
 21369 | D:10     | Entered Level 10 of the Dungeon
 22534 | D:11     | You fall into a shaft and drop 1 floor!
 23149 | D:11     | Identified the +10 dire flail of Balance {venom, rElec rC+
                  | Str-5}
 23150 | D:11     | Got the Incunabulum of the Spatial Rocks
 24485 | D:13     | Reached ****** piety under Trog
 24749 | D:13     | Found a gate to the Vaults.
 25245 | D:13     | Reached skill level 18 in Throwing
 25927 | D:14     | Reached XP level 16. HP: 103/131 MP: 16/16
 26035 | D:14     | Found a shadowy altar of Dithmenos.
 26075 | D:14     | Received a gift from Trog
 26140 | D:14     | Found a runed translucent gate.
 26141 | D:14     | Found a runed translucent gate.
 26141 | D:14     | Noticed Pocvaraige's ghost (journeyman TrMo)
 26142 | D:14     | Found a runed translucent gate.
 26536 | D:14     | Killed Pocvaraige's ghost
 26813 | D:14     | Identified the +4 broad axe "Doudoc" {drain, Str+3 Stlth+}
 26823 | D:14     | Identified the +2 cloak of Qazlal's Favour {Int+7 Dex+2}
 26824 | D:14     | Identified the +2 scale mail of the Shore {rF+ rC++ MP+9}
 26837 | D:15     | Entered Level 15 of the Dungeon
 26867 | D:15     | Found a frozen archway.
 26876 | IceCv    | Entered an ice cave
 27502 | IceCv    | Found a viscous altar of Jiyva.
 27661 | IceCv    | Identified the amulet "Ligoffoy" {RegenMP +Blink rF+ rC-}
 27667 | IceCv    | Got the ring "Kenamaul" {rElec rC+ Int+5 Slay-6}
 28021 | IceCv    | Got the ring of Fanaticism {Ice Will+}
 28022 | IceCv    | Identified the ring "Vyfojiq" {rPois rC+}
 28455 | D:15     | Found a staircase to the Depths.
 28709 | D:15     | Received a gift from Trog
 29479 | Spider:1 | Entered Level 1 of the Spider Nest
 29542 | Spider:1 | Reached skill level 19 in Throwing
 29554 | Spider:1 | Noticed Jorgrun
 29566 | Spider:1 | Constricted to death by Jorgrun

Illustrated notes

Levels and vault maps discovered:
D:1:      wander_arrival_peaceful_grave, layout_loops_cross
D:2:      cheibrodos_old_hovel, layout_basic
D:3:      layout_rooms, makhleb_altar_promises_db
D:4:      nicolae_cairo_tiling_large_dashed, layout_basic, grunt_tough_drop,
          uniq_ijyb, uniq_pikel
D:5:      layout_gridville
D:6:      layout_basic, grunt_temple_overflow_bloody_war, roderic_batcave
D:7:      kennysheep_windowed_halls, layout_basic,
          minmay_temple_entry_glassed_door, gammafunk_ghost_hive,
          lightli_church_of_beogh
D:8:      cheibrodos_frozen_isle, layout_basic, uniq_harold, uniq_gastronok,
          uniq_erica, uniq_grum, uniq_maurice
D:9:      layout_basic, mainiacjoe_overflow_24_doors, dpeg_oklobed_lair,
          hiddenorc2_lemuel
D:10:     layout_long_grid, minmay_misc_feat_pillars
D:11:     minmay_the_grid_four_pointed_star
          [minmay_the_grid_triangle_9x9_zippers_vertical,
          minmay_the_grid_triangle_9x9_sparse_checkered,
          minmay_the_grid_triangle_9x9_alien,
          minmay_the_grid_triangle_9x9_longest,
          minmay_the_grid_prize_shrinking_boxes], layout_basic
D:12:     layout_stronghold
D:13:     layout_roguey, erik_vaults_2
D:14:     layout_big_octagon, gammafunk_ghost_hydra_chop,
          nicolae_dithmenos_through_a_glass_darkly, serial_bayou_pond_e,
          minmay_misc_feat_hallway, st_stairs_3
D:15:     hangedman_depths_entry_try_elsewhere_first, layout_basic,
          nicolae_two_hexagons, portal_ice_cave_entry_pillars_1
Temple:   dpeg_five_rooms_temple
Lair:1:   lemuel_ratsnest, layout_long_grid, gauntlet_entry_generic
Lair:2:   layout_cave_pods, minmay_shoals_entry_centaurs, spider_nest_entry_a,
          eino_house_with_fridge, serial_bayou_shore_b, lemuel_fruit_fields
Lair:3:   layout_loops_ring, serial_bayou_shore_a, uniq_sonja
Lair:4:   layout_long_grid, beast_lair_carwin_2, grunt_megastairs_4,
          lemuel_fruit_fields
Lair:5:   layout_roguey, minmay_slime_entry_oklob_open
Lair:6:   evil_forest, layout_cave_pods, st_stairs_8, lemuel_fruit_tree
Spider:1: layout_chambers, uniq_jorgrun
Orc:1:    layout_caves, serial_shops, nicolae_square_shop,
          nicolae_shop_overcharged_wands
Orc:2:    grunt_orc_cross, layout_diamond_mine, serial_shops,
          nicolae_square_shop, guppyfry_library_mini

Skill      XL: |  1  2  3  4  5  6  7  8  9 10 11 12 13 14 15 16 |
---------------+-------------------------------------------------+-----
Axes           | 3 4 5 6 8 9 10 12 13 14 15 16 17 18 | 18.4
Throwing       | 2 5 6 8 10 12 14 15 16 18 19 | 19.0
Armour         | 4 6 8 10 12 13 | 13.4
Fighting       | 6 10 13 | 13.5
Dodging        | |  1.7

Action                   |  1- 3 |  4- 6 |  7- 9 | 10-12 | 13-15 | 16-18 || total
-------------------------+-------+-------+-------+-------+-------+-------++-------
Melee: Hand axe          |   103 |   153 |   210 |       |     7 |       ||   473
       Tailslap          |    12 |    20 |    47 |    72 |   135 |    33 ||   319
       Punch             |       |     1 |       |       |       |       ||     1
       War axe           |       |       |    79 |     6 |       |       ||    85
       Demon trident     |       |       |       |   207 |       |       ||   207
       Executioner's axe |       |       |       |   300 |   809 |   193 ||  1302
       Rapier            |       |       |       |    25 |     4 |       ||    29
Throw: Dart              |       |       |    13 |    20 |    15 |    11 ||    59
       Boomerang         |       |       |       |   119 |   136 |    63 ||   318
       Javelin           |       |       |       |       |     8 |       ||     8
Invok: Berserk           |     3 |     4 |     5 |    10 |     7 |     6 ||    35
       Trog's Hand       |       |       |     1 |     2 |       |       ||     3
       Brothers in Arms  |       |       |       |     5 |     9 |     8 ||    22
Evoke: Wand              |       |       |     4 |     4 |    12 |       ||    20
  Use: Potion            |       |     1 |     5 |     4 |     3 |       ||    13
       Scroll            |       |       |       |    19 |     4 |     2 ||    25
 Stab: Sleeping          |       |     1 |       |       |     2 |     3 ||     6
       Paralysed         |       |       |     5 |     7 |       |       ||    12
       Distracted        |       |       |       |       |     2 |       ||     2
       Invisible         |       |       |       |       |     1 |       ||     1
Armor: Animal skin       |    24 |     2 |       |       |       |       ||    26
       Scale mail        |       |    39 |   121 |   191 |   311 |       ||   662
       Skin              |       |       |       |     5 |       |       ||     5
       Acid dragon scale |       |       |       |       |   149 |   202 ||   351
Dodge: Dodged            |    61 |   103 |   195 |   331 |   821 |   298 ||  1809

Table legend: (Time is in decaauts)
 A = Elapsed time spent in this place.
 B = Non-inter-level travel time spent in this place.
 C = Inter-level travel time spent in this place.
 D = Time resting spent in this place.
 E = Time spent auto-exploring this place.
 F = Levels seen in this place.
 G = Mean time per level.
                   A        B        C        D        E       F      G
               +--------+--------+--------+--------+--------+-----+--------+
         Total |  29924 |  28302 |   1622 |   6332 |  16586 |  27 | 1108.3 |
       Dungeon |  17793 |  16738 |   1055 |   3702 |  10090 |  15 | 1186.2 |
        Temple |    289 |    258 |     31 |      0 |    248 |   1 |  289.0 |
          Lair |   8548 |   8107 |    441 |   1912 |   4848 |   6 | 1424.7 |
   Spider Nest |     81 |     81 |      0 |      0 |     34 |   1 |   81.0 |
  Orcish Mines |   1217 |   1123 |     94 |      0 |    791 |   2 |  608.5 |
      Ice Cave |   1196 |   1196 |      0 |    522 |    407 |   1 | 1196.0 |
      Gauntlet |    798 |    798 |      0 |    195 |    168 |   1 |  798.0 |
               +--------+--------+--------+--------+--------+-----+--------+

Top non-repeatable levels by time:
  Lair:6: 1870 daAuts
  Lair:5: 1776 daAuts
     D:4: 1687 daAuts
     D:7: 1523 daAuts
  Lair:1: 1520 daAuts
     D:8: 1359 daAuts
    D:11: 1310 daAuts
    D:14: 1290 daAuts
     D:9: 1283 daAuts
     D:6: 1280 daAuts
  Lair:4: 1266 daAuts
    D:15: 1264 daAuts
  Lair:2: 1220 daAuts
    D:13: 1220 daAuts
     D:1: 1196 daAuts
